 Dungeon Crawl Stone Soup version 0.31-a0-1405-g2bb1a01664 (webtiles) character file.

Game seed: 13289704816289716179

3547 jasper the Cleaver (level 9, 0/65 HPs)
             Began as a Demonspawn Cinder Acolyte on Dec 25, 2023.
             Was an Initiate of Ignis.
             Killed from afar by an acid dragon (27 damage)
             ... with a splash of acid
             ... on level 9 of the Dungeon.
             The game lasted 00:14:33 (9007 turns).

jasper the Cleaver (Demonspawn Cinder Acolyte)      Turns: 9007, Time: 00:14:34

Health: 0/65       AC:  9    Str: 18    XL:     9   Next: 83%
Magic:  0/10       EV:  8    Int: 14    God:    Ignis [......]
Gold:   25         SH:  0    Dex: 14    Spells: 7/10 levels left

rFire   + . .        M - +0 battleaxe
rCold   . . .        (shield currently unavailable)
rNeg    . . .        E - +0 plate armour
rPois   .            J - +1 helmet
rElec   .            (no cloak)
rCorr   .            (no gloves)
SInv    +            (no boots)
Will    .....        u - amulet of Boetyong {Spirit Rampage Str-2 Dex+6 Stlth+}
Stlth   x              - ring of see invisible
HPRegen 0.30/turn    (no ring)
MPRegen 0.24/turn

%: guardian spirit, rampage
@: corroded
A: claws 1, powered by death 1, magic regeneration, sturdy frame 3
a: Renounce Religion, Rising Flame


You were on level 9 of the Dungeon.
You worshipped Ignis.
Ignis was noncommittal.
You visited 1 branch of the dungeon, and saw 9 of its levels.

You collected 473 gold pieces.
You spent 448 gold pieces at shops.

Inventory:

Hand Weapons
 a - a -1 hand axe of flaming
 h - a +0 trident
 l - a +0 sling
 M - a +0 battleaxe (weapon)
Missiles
 k - 77 stones (quivered)
 m - 3 javelins
 r - 4 throwing nets
 A - 3 boomerangs
 G - 8 poisoned darts
Armour
 b - a +0 robe
 g - a +0 scale mail
 n - a +0 chain mail
 o - a +1 helmet
 B - a +2 kite shield
 D - a scarf of invisibility
 E - a +0 plate armour (worn)
 J - a +1 helmet (worn)
Jewellery
 j - the amulet of Brilliance {RegenMP MP+9}
   (You found it on level 2 of the Dungeon)

   [amulet of magic regeneration]

   RegenMP:   It increases your rate of magic regeneration.
   MP+9:      It affects your magic capacity (+9).
 u - the amulet of Boetyong (around neck) {Spirit Rampage Str-2 Dex+6 Stlth+}
   (You found it on level 4 of the Dungeon)

   [amulet of guardian spirit]

   Spirit:    It causes incoming damage to be divided between your reserves of
   health and magic.
   Str-2:     It affects your strength (-2).
   Dex+6:     It affects your dexterity (+6).
   Rampage:   It bestows one free step when moving towards enemies.
   Stlth+:    It makes you more stealthy.
 x - a ring of see invisible (left claw)
Wands
 p - a wand of charming (5)
 q - a wand of iceblast (24)
 F - a wand of flame (24)
 L - a wand of mindburst (2)
Scrolls
 d - 3 scrolls of fear
 f - 4 scrolls of poison
 i - 3 scrolls of identify
 s - a scroll of butterflies
 t - 4 scrolls of teleportation
 v - a scroll of enchant weapon
 y - a scroll of revelation
 z - 2 scrolls of noise
 H - a scroll of amnesia
 I - 2 scrolls of vulnerability
 K - a scroll of fog
 O - a scroll of blinking
Potions
 c - 3 potions of curing
 e - a potion of haste
 w - a potion of degeneration
 C - a potion of lignification
Miscellaneous
 P - a phial of floods


   Skills:
 + Level 3.6 Fighting
 * Level 12.5 Axes
 + Level 3.2 Armour
 - Level 1.0 Spellcasting
 - Level 2.6 Fire Magic


You had 7 spell levels left.
You knew the following spells:

 Your Spells              Type           Power      Damage    Failure   Level
a - Blink                 Tloc           0%         N/A       90%         2
b - Apportation           Tloc           0%         N/A       80%         1

Your spell library contained the following spells:

 Spells                   Type           Power      Damage    Failure   Level
 Scorch                   Fire           16%        2d5       56%         2
 Call Imp                 Summ           0%         N/A       90%         2
 Jinxbite                 Hex            0%         N/A       90%         2
 Lesser Beckoning         Tloc           0%         N/A       90%         2
 Momentum Strike          Conj/Tloc      0%         3d8       90%         2
 Sublimation of Blood     Necr           0%         N/A       90%         2
 Volatile Blastmotes      Fire/Tloc      8%         2d10      93%         3
 Tukima's Dance           Hex            0%         N/A       99%         3
 Dimensional Bullseye     Hex/Tloc       0%         N/A       100%        4
 Fulminant Prism          Conj/Alch      0%         3d5       100%        4
 Iskenderun's Mystic Bla  Conj/Tloc      0%         2d3       100%        4
 Petrify                  Alch/Erth      0%         N/A       100%        4
 Alistair's Intoxication  Alch           0%         N/A       100%        5
 Irradiate                Conj/Alch      0%         3d11      100%        5
 Summon Hydra             Summ           0%         N/A       100%        7


Dungeon Overview and Level Annotations

Branches:
Dungeon (9/15)             Temple (0/1) D:5
   Lair: D:8-11         Orc: D:9-12

Altars:
Ashenzari
Cheibriados
Fedhas
Hepliaklqana
Makhleb
Nemelex Xobeh
Sif Muna
Yredelemnul

Shops:
D:8 *(?(   D:9 (

Annotations:
D:7 Maurice


Innate Abilities, Weirdness & Mutations

You have sharp fingernails.
You regenerate a little health from kills.
You regenerate magic rapidly.
Your movements are significantly less encumbered by armour. (ER -6)


Message History

You continue taking off your +0 chain mail. x4
You finish taking off your +0 chain mail.
You start putting on your armour.
You continue putting on your +0 plate armour. x5
You finish putting on your +0 plate armour.
You open the door.
There is an open door here.
The acid dragon roars!
Items here: )))) [[ ††.
You hit the acid dragon.
The acid dragon is lightly wounded.
The acid dragon bites you but does no damage.
The acid dragon completely misses you.
You slash the acid dragon!
The acid dragon is heavily wounded.
The acid dragon spits acid at you. The splash of acid hits you!!
The acid corrodes you!
You take 20 damage, and have 45/65 hp.
MASSIVE DAMAGE!!
You now have 6/10 mp.
You slash the acid dragon!
The acid dragon is almost dead.
The acid dragon barely misses you. The acid dragon claws you.
You take 3 damage, and have 42/65 hp.
You now have 5/10 mp.
You hit the acid dragon but do no damage.
The acid dragon is almost dead.
The acid dragon barely misses you.
The acid dragon claws you but does no damage.
You barely miss the acid dragon.
The acid dragon is almost dead.
The acid dragon bites you! The acid dragon claws you.
The acid dragon bites you. The acid dragon barely misses you.
You take 12 damage, and have 30/65 hp.
You now have 4/10 mp.
You barely miss the acid dragon.
The acid dragon is almost dead.
The acid dragon bites you. The acid dragon claws you.
You take 3 damage, and have 27/65 hp.
You closely miss the acid dragon.
The acid dragon is almost dead.
The acid dragon spits acid at you. The splash of acid hits you!!
You die...

## #.> #####+###
#... ###.......#
#.... ##.'.......+
#.....###..#.......#
#D@..##.......#
#...∩..########+####
#..#.## #..# # ..
##.# #. #.# # #.#
#.# ###'###
####.....#####


You could see an acid dragon (catching breath).

Vanquished Creatures
  Sigmund (D:5)
  A steam dragon (D:8)
  Menkaure (D:5)
  An acid dragon (D:9)
  4 water moccasins
  Duvessa (D:7)
  2 ice beasts
  An orc warrior (D:9)
  2 sky beasts
  2 black bears
  2 centaurs
  A kobold brigand (D:8)
  A bullfrog (D:4)
  A gnoll sergeant (D:6)
  3 wights (D:8)
  Dowan (D:7)
  6 killer bees (D:8)
  A howler monkey (D:8)
  4 hounds
  3 bombardier beetles
  A gnoll bouda (D:5)
  2 orc priests
  A jelly (D:6)
  Jessica (D:2)
  Ijyb (D:3)
  8 iguanas
  4 orc wizards
  Robin (D:3)
  10 gnolls
  6 adders
  A shadow imp (D:8)
  2 ufetubi (D:4)
  2 worms
  3 dart slugs
  18 orcs
  5 endoplasms
  2 giant cockroaches
  8 hobgoblins
  11 jackals
  A quokka (D:1)
  6 ball pythons
  3 bats
  A frilled lizard (D:2)
  16 goblins
  10 kobolds
  9 rats
172 creatures vanquished.

Vanquished Creatures (collateral kills)
  A gnoll (D:5)
  An adder (D:5)
2 creatures vanquished.

Vanquished Creatures (others)
  An ice beast (D:5)
  A black bear (D:5)
  An orc wizard (D:9)
3 creatures vanquished.

Grand Total: 177 creatures vanquished

Notes
Turn   | Place    | Note
-------+----------+-------------------------------------------
     0 | D:1      | jasper the Demonspawn Cinder Acolyte began the quest for
                  | the Orb.
     0 | D:1      | Reached XP level 1. HP: 18/18 MP: 2/2
    67 | D:1      | Reached skill level 3 in Axes
   106 | D:1      | Gained mutation: Your movements are slightly less
                  | encumbered by armour. (ER -2) [demonic ancestry]
   106 | D:1      | Reached XP level 2. HP: 11/24 MP: 3/3
   742 | D:1      | Reached XP level 3. HP: 22/29 MP: 4/4
  1351 | D:2      | Reached skill level 4 in Axes
  1573 | D:2      | Identified the amulet of Brilliance {RegenMP MP+9}
  1669 | D:2      | Noticed Jessica
  1684 | D:2      | Killed Jessica
  1685 | D:2      | Reached skill level 1 in Armour
  1685 | D:2      | Gained mutation: You regenerate a little health from kills.
                  | [demonic ancestry]
  1685 | D:2      | Reached XP level 4. HP: 34/35 MP: 5/5
  1784 | D:3      | Noticed Robin
  2035 | D:3      | Killed Robin
  2293 | D:3      | Reached XP level 5. HP: 21/41 MP: 6/6
  2364 | D:3      | Noticed Ijyb
  2395 | D:3      | Reached skill level 5 in Axes
  2396 | D:3      | Killed Ijyb
  3193 | D:4      | Found a hazy altar of Hepliaklqana.
  3425 | D:4      | Gained mutation: Your movements are less encumbered by
                  | armour. (ER -4) [demonic ancestry]
  3425 | D:4      | Reached XP level 6. HP: 30/47 MP: 7/7
  3789 | D:4      | Identified the amulet of Boetyong {Spirit Rampage Str-2
                  | Dex+6 Stlth+}
  3845 | D:4      | Found a snail-covered altar of Cheibriados.
  4405 | D:5      | Entered Level 5 of the Dungeon
  4415 | D:4      | Reached skill level 6 in Axes
  4508 | D:5      | Noticed Sigmund
  4559 | D:5      | Found a staircase to the Ecumenical Temple.
  4576 | D:5      | Noticed an ice beast
  4614 | D:5      | Gained mutation: You have sharp fingernails. [demonic
                  | ancestry]
  4614 | D:5      | Reached XP level 7. HP: 46/52 MP: 6/8
  4636 | D:5      | Reached skill level 7 in Axes
  5008 | D:5      | Killed Sigmund
  5009 | D:5      | Reached skill level 8 in Axes
  5178 | D:5      | Gained mutation: Your movements are significantly less
                  | encumbered by armour. (ER -6) [demonic ancestry]
  5178 | D:5      | Reached XP level 8. HP: 25/58 MP: 3/9
  5181 | D:5      | Noticed Menkaure
  5187 | D:5      | Killed Menkaure
  5188 | D:5      | Reached skill level 9 in Axes
  5348 | D:5      | Found a blossoming altar of Fedhas.
  5387 | D:5      | Found a burning altar of Makhleb.
  5733 | D:6      | Learned a level 2 spell: Blink
  5735 | D:6      | Learned a level 1 spell: Apportation
  5741 | D:6      | Found a broken altar of Ashenzari.
  5853 | D:6      | Found a shimmering blue altar of Sif Muna.
  6236 | D:6      | Reached skill level 10 in Axes
  6516 | D:6      | Found a basalt altar of Yredelemnul.
  6710 | D:7      | HP: 2/58 [poisoned by an orc priest]
  7088 | D:7      | Gained mutation: You regenerate magic rapidly. [demonic
                  | ancestry]
  7088 | D:7      | Reached XP level 9. HP: 27/63 MP: 5/10
  7361 | D:7      | Noticed Duvessa
  7368 | D:7      | Noticed Dowan
  7374 | D:7      | Killed Duvessa
  7380 | D:7      | Killed Dowan
  7381 | D:7      | Reached skill level 11 in Axes
  7518 | D:7      | Identified the +2 leather armour of the Mackerel {rF+
                  | Dex+4}
  7544 | D:7      | Noticed Maurice
  7932 | D:8      | Reached skill level 12 in Axes
  7966 | D:8      | Found Acecraol's Magic Scroll Emporium.
  7971 | D:8      | Bought a scroll of teleportation for 42 gold pieces
  7971 | D:8      | Bought a scroll of fog for 56 gold pieces
  7971 | D:8      | Bought a scroll of fear for 56 gold pieces
  7971 | D:8      | Bought a scroll of teleportation for 42 gold pieces
  7971 | D:8      | Bought a scroll of vulnerability for 56 gold pieces
  7997 | D:8      | Found Amofuk's Weapon Shoppe.
  8051 | D:8      | Found Nevent's Antique Weapon Shoppe.
  8054 | D:8      | Bought a battleaxe for 169 gold pieces
  8338 | D:8      | Found Huozxa's Assorted Antiques.
  8347 | D:8      | Bought a cyan potion for 27 gold pieces
  8378 | D:8      | Found a sparkling altar of Nemelex Xobeh.
  8533 | D:9      | Identified the +8 dagger of War {freeze, Will+ Int+2
                  | Stlth-}
  8784 | D:9      | Found Tazeor's Antique Weapon Emporium.
  9007 | D:9      | Killed from afar by an acid dragon

Illustrated notes

Levels and vault maps discovered:
D:1:      eino_arrival_cavern_d, layout_loops_ring, serial_forest,
          infiniplex_forest_clump_long, infiniplex_forest_clump_tiny,
          infiniplex_forest_straight_4, infiniplex_forest_clump_small,
          infiniplex_forest_clump_cross, reono_crystal_passage, st_stairs_11,
          minmay_misc_feat_hallway, minmay_tetromino_l2
D:2:      layout_basic, uniq_jessica
D:3:      layout_rooms, serial_bayou, serial_bayou_lagoon_a,
          serial_bayou_pond_c, serial_bayou_lake_a, serial_bayou_shore_b,
          nrook_uturn, corexii_item_surrounded_by_moat,
          hangedman_decor_clover_reticule, serial_park_tiny_pond, uniq_ijyb,
          uniq_robin
D:4:      layout_basic, kennysheep_slug_shrine, general_overflow_altar
D:5:      layout_cave_pools, mainiacjoe_overflow_catwalk, fedhas_ov_isle_minmay,
          minmay_temple_entry_gardened_gates, uniq_menkaure, uniq_sigmund
D:6:      layout_loops_cross, mainiacjoe_overflow_boulevard,
          nicolae_sif_muna_condensation, nicolae_overflow_hidden_temple
D:7:      layout_basic, mainiacjoe_overflow_alcove_1,
          nicolae_elyvilon_peaceful_grove, uniq_jeremiah, uniq_maurice,
          uniq_duvessa
D:8:      layout_basic, mainiacjoe_overflow_six_doors_small, serial_shops,
          nicolae_shop_stone, kennysheep_mini_moat, nicolae_shop_dealshenge,
          nicolae_shop_bloodbath_and_beyond
D:9:      layout_roguey, tso_metal_star, serial_shops, nicolae_shop_crystal

Skill      XL: |  1  2  3  4  5  6  7  8  9 |
---------------+----------------------------+-----
Axes           | 3 4 5 6 8 10 12 | 12.5
Armour         | 1 2 3 |  3.2
Fighting       | |  3.6
Spellcasting   | |  1.0
Fire Magic     | |  2.6

Action                     |  1- 3 |  4- 6 |  7- 9 || total
---------------------------+-------+-------+-------++-------
  Melee: Hand axe          |    88 |    93 |   391 ||   572
         Trident           |    54 |   148 |       ||   202
         Punch             |     1 |     3 |     4 ||     8
         Battleaxe         |       |       |    52 ||    52
  Throw: Stone             |       |    12 |     2 ||    14
         Javelin           |       |     5 |       ||     5
 Invoke: Fiery Armour      |     2 |     2 |     9 ||    13
  Evoke: Wand              |       |     4 |     7 ||    11
    Use: Scroll            |     5 |     5 |     7 ||    17
         Potion            |       |       |     4 ||     4
   Stab: Sleeping          |       |       |     4 ||     4
         Invisible         |       |       |     2 ||     2
 Armour: Robe              |    49 |       |       ||    49
         Scale mail        |    29 |     7 |       ||    36
         Chain mail        |       |   197 |   318 ||   515
         Plate armour      |       |       |    10 ||    10
  Dodge: Dodged            |    88 |   135 |   154 ||   377

Table legend: (Time is in decaauts)
 A = Elapsed time spent in this place.
 B = Non-inter-level travel time spent in this place.
 C = Inter-level travel time spent in this place.
 D = Time resting spent in this place.
 E = Time spent auto-exploring this place.
 F = Levels seen in this place.
 G = Mean time per level.
                   A        B        C        D        E       F      G
               +--------+--------+--------+--------+--------+-----+--------+
         Total |   9000 |   8713 |    287 |   1726 |   5081 |   9 | 1000.0 |
       Dungeon |   9000 |   8713 |    287 |   1726 |   5081 |   9 | 1000.0 |
               +--------+--------+--------+--------+--------+-----+--------+

Top non-repeatable levels by time:
     D:4: 1683 daAuts
     D:1: 1207 daAuts
     D:3: 1097 daAuts
     D:6: 1043 daAuts
     D:5: 974 daAuts
     D:8: 947 daAuts
     D:7: 843 daAuts
     D:2: 724 daAuts
     D:9: 478 daAuts
